 Dungeon Crawl Stone Soup version 0.28.0-43-g3370ac3207 (console) character file.

Game seed: 13508972231766544641

113 Zeor the Slasher (level 4, -6/43 HPs)
             Began as a Gargoyle Berserker on Mar 22, 2022.
             Was a Believer of Trog.
             Mangled by Crazy Yiuf
             ... wielding a +4 quarterstaff of chaos
              (14 damage)
             ... on level 3 of the Dungeon.
             The game lasted 00:04:57 (2359 turns).

Zeor the Slasher (Gargoyle Berserker)               Turns: 2359, Time: 00:04:58

Health: -6/43      AC:  9    Str: 23    XL:     4   Next: 96%
Magic:  4/4        EV: 11    Int:  7    God:    Trog [**....]
Gold:   74         SH:  0    Dex:  9    Spells: 3/3 levels left

rFire   . . .      SeeInvis .   a - +0 falchion
rCold   . . .      Faith    .   (no shield)
rNeg    + . .      Spirit   .   e - +0 ring mail
rPois   ∞          Reflect  .   (no helmet)
rElec   +          Harm     .   (no cloak)
rCorr   .          Rampage  .   (no gloves)
Will    .....                   (no boots)
Stlth   ..........              (no amulet)
HPRegen 0.14/turn               (no ring)
MPRegen 0.09/turn               (no ring)

@: berserking, very quick
A: sickness immunity, AC +3, negative energy resistance 1, electricity
resistance, torment resistance 1, petrification resistance
a: Renounce Religion, Berserk, Trog's Hand


You were on level 3 of the Dungeon.
You worshipped Trog.
Trog was pleased with you.
You visited 1 branch of the dungeon, and saw 3 of its levels.

You collected 74 gold pieces.

Inventory:

Hand Weapons
 a - a +0 falchion (weapon)
 b - a +3 dagger
Armour
 e - a +0 ring mail (worn)
Scrolls
 f - a scroll of amnesia {unknown}
Potions
 c - a potion of curing {unknown}
 d - a potion of invisibility {unknown}
 g - a potion of heal wounds {unknown}


   Skills:
 + Level 3.8 Fighting
 * Level 4.3 Long Blades
 + Level 2.4 Armour
 + Level 2.0 Dodging


You had 3 spell levels left.
You didn't know any spells.
Your spell library was empty.

Dungeon Overview and Level Annotations

Branches:
Dungeon (3/15)

Altars:

Annotations:
D:3 Crazy Yiuf


Innate Abilities, Weirdness & Mutations

You are immune to sickness and miasma.
Your stone body is resilient. (AC +3)
You are immune to poison.
You resist negative energy. (rN+)
You are resistant to electric shocks. (rElec)
You are resistant to unholy torment.
You are immune to petrification.


Message History

You hit the bat.
The bat is severely wounded.
The bat barely misses you. The bat hits you but does no damage.
You miss the bat.
The bat is severely wounded.
The bat hits you but does no damage.
You closely miss the bat.
The bat is severely wounded.
The bat hits you but does no damage. The bat misses you.
You closely miss the bat.
The bat is severely wounded.
The bat misses you. The bat misses you. The bat closely misses you.
You see here 7 gold pieces.
You slash the bat!
You kill the bat!
Trog accepts your kill.
You now have 74 gold pieces (gained 7).
You open the door.
Found a runed mace.
Found a runed translucent door.
Crazy Yiuf shouts!
You open the door.
Crazy Yiuf zaps a wand.
The puff of flame hits you.
Crazy Yiuf hits you with a +4 quarterstaff of chaos.
Crazy Yiuf burns you.
There is an open translucent door here.
You closely miss Crazy Yiuf.
Crazy Yiuf hits you with a +4 quarterstaff of chaos!
You resist with some effort.
You are too injured to fight recklessly!
A red film seems to cover your vision as you go berserk!
You feel yourself moving faster!
You feel mighty!
Crazy Yiuf zaps a wand.
The puff of flame hits you.
* * * LOW HITPOINT WARNING * * *
You barely miss Crazy Yiuf. Crazy Yiuf hits you but does no damage.
You slash Crazy Yiuf!
Crazy Yiuf is heavily wounded.
Crazy Yiuf hits you with a +4 quarterstaff of chaos!
You die...

▒▒▒▒ ∙∙∙▒ ∙∙∙▒ ∙∙∙▒
∙∙∙ ▒▒▒▒ ♣♣▒▒▒'▒
▒)∙∙▒♣♣ ♣♣∙∙∙∙∙▒
▒∙∙g9∙♣♣♣♣∙∙∙∙∙∙▒
▒∙∙∙▒♣∙∙♣∙∙∙∙∙∙∙▒▒▒▒▒
▒▒▒▒ ♣♣♣∙♣∙∙∙∙▒▒∙∙∙∙▒
♣♣♣♣♣▒▒▒▒∙∙∙∙▒ ▒∙∙∙∙▒
▒▒▒ ▒∙∙∙∙▒ ▒∙▒▒▒∙∙∙∙▒
▒▒▒▒▒▒▒▒▒∙∙∙■∙∙∙∙∙
▒∙∙∙∙∙∙∙∙∙∙▒▒∙∙∙∙∙


You could see Crazy Yiuf.

Vanquished Creatures
  A hound (D:2)
  2 adders (D:2)
  2 worms
  A dart slug (D:2)
  4 endoplasms
  2 giant cockroaches (D:1)
  6 goblins
  4 hobgoblins
  3 jackals (D:1)
  3 quokkas
  3 ball pythons
  6 bats
  4 frilled lizards
  8 kobolds
  7 rats
56 creatures vanquished.

Notes
Turn   | Place    | Note
-------+----------+-------------------------------------------
     0 | D:1      | Zeor the Gargoyle Berserker began the quest for the Orb.
     0 | D:1      | Reached XP level 1. HP: 14/14 MP: 1/1
   309 | D:1      | Reached XP level 2. HP: 15/19 MP: 2/2
   460 | D:1      | Reached skill level 3 in Long Blades
   643 | D:1      | Reached XP level 3. HP: 24/24 MP: 3/3
   729 | D:1      | Reached ** piety under Trog
  1391 | D:2      | Found a faded altar of an unknown god.
  1455 | D:2      | Reached XP level 4. HP: 29/29 MP: 4/4
  1671 | D:2      | Reached skill level 4 in Long Blades
  2350 | D:3      | Found a runed translucent door.
  2351 | D:3      | Noticed Crazy Yiuf
  2359 | D:3      | Mangled by Crazy Yiuf

Illustrated notes

Levels and vault maps discovered:
D:1:      saegor_arrival_simple_e, layout_loops_ring, minmay_tiny_reverse_x
D:2:      layout_loops_cross, dreamdust_ecumenical_altar_angels_and_demons
D:3:      layout_basic, minmay_shallow_snake_nest, uniq_crazy_yiuf_cottage

Skill      XL: |  1  2  3  4 |
---------------+-------------+-----
Long Blades    | 3 4 |  4.3
Dodging        | 2 |  2.0
Fighting       | |  3.8
Armour         | |  2.4

Action                   |  1- 3 |  4- 6 || total
-------------------------+-------+-------++-------
Melee: Falchion          |   116 |    86 ||   202
       Punch             |     1 |     1 ||     2
Invok: Berserk           |     2 |     1 ||     3
  Use: Scroll            |     3 |       ||     3
Armor: Animal skin       |    36 |       ||    36
       Ring mail         |    24 |    41 ||    65
Dodge: Dodged            |    64 |    51 ||   115
